 Dungeon Crawl Stone Soup version 0.21-a0-401-g0b6bec4 (webtiles) character file.

1559 kae the Geomancer (level 8, 0/41 HPs)
             Began as a Gargoyle Earth Elementalist on Oct 23, 2017.
             Was an Initiate of Vehumet.
             Slain by a killer bee (3 damage)
             ... on level 5 of the Dungeon.
             The game lasted 00:09:41 (7674 turns).

kae the Geomancer (Gargoyle Earth Elementalist)     Turns: 7674, Time: 00:09:42

Health: 0/41       AC:  9    Str: 11    XL:     8   Next: 89%
Magic:  3/17       EV: 12    Int: 19    God:    Vehumet [......]
Gold:   349        SH:  0    Dex: 10    Spells: 15/19 levels left

rFire    . . .     SeeInvis .   i - +4 whip
rCold    . . .     Gourm    .   (no shield)
rNeg     + . .     Faith    .   v - +0 robe (curse)
rPois    ∞         Spirit   .   j - +1 helmet
rElec    +         Reflect  .   (no cloak)
rCorr    +         Harm     .   (no gloves)
MR       .....                  (no boots)
Stlth    ++........             (no amulet)
HPRegen  0.13/turn              n - ring of resist corrosion
MPRegen  0.15/turn              (no ring)

@: no status effects
A: negative energy resistance 1, electricity resistance, unbreathing,
petrification resistance, rot immunity, AC +5
a: Renounce Religion


You were on level 5 of the Dungeon.
You worshipped Vehumet.
Vehumet was noncommittal.
You were not hungry.

You visited 2 branches of the dungeon, and saw 7 of its levels.

You collected 360 gold pieces.
You spent 11 gold pieces at shops.

Inventory:

Hand Weapons
 a - a +0 mace
 i - a +4 whip (weapon)
Missiles
 b - 51 stones (quivered)
 q - 2 throwing nets
Armour
 j - a +1 helmet (worn)
 v - a cursed +0 robe (worn)
Jewellery
 n - a ring of resist corrosion (left hand)
Wands
 p - a wand of random effects (26/48)
 w - a wand of digging (24/24)
Scrolls
 k - 2 scrolls of identify
 l - 3 scrolls of amnesia
 o - a scroll of magic mapping
 s - 2 scrolls of recharging
 t - 2 scrolls of remove curse
 x - a scroll of fear
Potions
 c - a potion of flight
 g - 3 potions of curing
 h - a potion of ambrosia
 m - a potion of might
 u - a potion of brilliance
 A - 2 potions of lignification
Books
 e - a book of Geomancy

   Spells                             Type                      Level
   a - Sandblast                      Earth                        1
   b - Passwall                       Transmutation/Earth          2
   c - Stone Arrow                    Conjuration/Earth            3
   d - Petrify                        Transmutation/Earth          4
   e - Lee's Rapid Deconstruction     Earth                        5
 r - a book of Enchantments

   Spells                             Type                      Level
   a - Cause Fear                     Hexes                        4
   b - Yara's Violent Unravelling     Hexes/Transmutation          5
   c - Silence                        Hexes/Air                    5
   d - Deflect Missiles               Charms/Air                   6
   e - Discord                        Hexes                        8
Comestibles
 d - 2 bread rations
 f - a meat ration
 z - 3 chunks of flesh


   Skills:
 - Level 1.5 Dodging
 - Level 2.1 Stealth
 + Level 6.1 Spellcasting
 + Level 6.4 Conjurations
   Level 0.7 Transmutations
 + Level 8.4 Earth Magic


You had 15 spell levels left.
You knew the following spells:

 Your Spells              Type           Power        Failure   Level  Hunger
a - Sandblast             Erth           #####.       1%          1    None
b - Stone Arrow           Conj/Erth      ####..       1%          3    ##.....


Dungeon Overview and Level Annotations

Branches:
Dungeon (6/15)             Temple (1/1) D:5

Altars:
Ashenzari
Cheibriados
Elyvilon
Fedhas
Kikubaaqudgha
Makhleb
Nemelex Xobeh
Okawaru
Qazlal
Ru
Sif Muna
Trog
Uskayaw
Vehumet
Wu Jian
Xom
Yredelemnul
Zin
The Shining One

Shops:
D:4 }[(   D:5 *

Annotations:
D:6 Prince Ribbit


Innate Abilities, Weirdness & Mutations

You are resistant to torment.
Your stone body is resilient. (AC +5)
You are immune to poison.
You resist negative energy. (rN+)
You are resistant to electric shocks. (rElec)
You can survive without breathing.
You are immune to petrification.
You are immune to rotting.


Message History

* * * LOW HITPOINT WARNING * * *
The killer bee closely misses you. x2
The killer bee stings you but does no damage.
Casting: Sandblast
Confirm with . or Enter, or press ? or * to list all spells.
Aiming: Sandblast
Press: ? - help, Shift-Dir - straight line, f/p - killer bee
Aim: a killer bee The blast of sand hits the killer bee.
The killer bee is severely wounded.
b - 51 stones The killer bee closely misses you.
The killer bee misses you.
The killer bee stings you but does no damage.
The killer bee stings you.
* * * LOW HITPOINT WARNING * * *
You feel better. The killer bee stings you.
* * * LOW HITPOINT WARNING * * *
The killer bee barely misses you. The killer bee closely misses you.
The killer bee stings you.
You die...

.......## #.##.#
#..##### #.#..#
##....# #...##
##.##.#### #..##
....#....## #.##
.....[....## ##.#
...........####..##
.................y#
...........####y@.#
..........## #....#
....##...## ##....#
...####### ##..####
...# #..## (..#
#.## ...# ### ...#
..<#


You could see 2 killer bees.

Vanquished Creatures
  Sigmund (D:2)
  Edmund (D:5)
  Menkaure (D:4)
  A water moccasin (D:5)
  Duvessa (D:4)
  An ice beast (D:5)
  A centaur (D:6)
  Dowan (D:4)
  2 scorpions
  A killer bee (D:6)
  3 crimson imps (D:5)
  A hound (D:5)
  An orc wizard (D:4)
  Jessica (D:3)
  Natasha (thrice) (D:4)
  2 worker ants (D:4)
  Robin (D:4)
  4 gnolls (D:4)
  10 adders
  A shadow imp (D:5)
  4 oozes
  An adder zombie (D:5)
  4 adder skeletons
  2 worms (D:4)
  2 dart slugs
  A leopard gecko (D:2)
  6 orcs
  A ball python (D:1)
  3 bats
  6 giant cockroaches
  12 goblins
  8 hobgoblins
  16 jackals
  4 quokkas
  4 frilled lizards
  A giant cockroach zombie (D:5)
  6 kobolds
  A quokka skeleton (D:4)
  6 rats
126 creatures vanquished.

Notes
Turn   | Place    | Note
-------+----------+-------------------------------------------
     0 | D:1      | kae the Gargoyle Earth Elementalist began the quest for the Orb.
     0 | D:1      | Reached XP level 1. HP: 10/10 MP: 3/3
    64 | D:1      | Reached skill level 4 in Earth Magic
    64 | D:1      | Reached XP level 2. HP: 11/15 MP: 1/5
   658 | D:1      | Reached XP level 3. HP: 19/19 MP: 6/6
   663 | D:1      | Learned a level 3 spell: Stone Arrow
  1369 | D:1      | Reached skill level 1 in Conjurations
  1374 | D:1      | Reached XP level 4. HP: 10/24 MP: 8/8
  1691 | D:2      | Noticed Sigmund
  2515 | D:2      | Killed Sigmund
  2515 | D:2      | Reached skill level 5 in Earth Magic
  2515 | D:2      | Reached XP level 5. HP: 27/28 MP: 2/10
  2515 | D:2      | Reached XP level 6. HP: 31/32 MP: 2/11
  3143 | D:3      | Found a burning altar of Makhleb.
  3736 | D:3      | Noticed Jessica
  3915 | D:3      | Killed Jessica
  4226 | D:4      | Reached skill level 6 in Earth Magic
  4293 | D:4      | Found Ozecir's Gadget Shoppe.
  4418 | D:4      | Noticed Menkaure
  4422 | D:4      | Killed Menkaure
  4422 | D:4      | Reached XP level 7. HP: 36/36 MP: 5/13
  4478 | D:4      | Noticed Duvessa
  4483 | D:4      | Noticed Dowan
  4556 | D:5      | Entered Level 5 of the Dungeon
  4949 | D:4      | Killed Duvessa
  5184 | D:4      | Killed Dowan
  5333 | D:4      | Noticed Natasha
  5335 | D:4      | Noticed Robin
  5354 | D:4      | Killed Natasha
  5354 | D:4      | Reached skill level 7 in Earth Magic
  5650 | D:4      | Noticed Natasha
  5651 | D:4      | Killed Natasha
  5651 | D:4      | Reached skill level 5 in Spellcasting
  5745 | D:4      | Noticed Natasha
  5750 | D:4      | Killed Natasha
  5802 | D:4      | Killed Robin
  5802 | D:4      | Reached XP level 8. HP: 41/41 MP: 5/15
  5808 | D:4      | Reached skill level 5 in Conjurations
  6188 | D:4      | Found Muf Pewo's Weapon Emporium.
  6262 | D:4      | Found Fokat's Armour Boutique.
  6519 | D:5      | Found a staircase to the Ecumenical Temple.
  6632 | D:5      | Found a snail-covered altar of Cheibriados.
  6848 | D:5      | Noticed Edmund
  6857 | D:5      | Found an iron altar of Okawaru.
  6968 | D:5      | Found Xafuann's General Store.
  7044 | D:5      | Bought a scroll of noise for 11 gold pieces
  7149 | D:5      | Found an ancient bone altar of Kikubaaqudgha.
  7169 | D:5      | Killed Edmund
  7169 | D:5      | Reached skill level 8 in Earth Magic
  7435 | Temple   | Entered the Ecumenical Temple
  7509 | Temple   | Became a worshipper of Vehumet
  7670 | D:6      | Noticed Prince Ribbit
  7672 | D:5      | HP: 2/41 [killer bee (7)]
  7674 | D:5      | Slain by a killer bee

Vault maps used:
D:1:      dpeg_arrival_arbitrary_b, kennysheep_pointless_box
D:2:      uniq_sigmund
D:3:      lemuel_doored_altar, minmay_misc_feat_ornament, uniq_jessica
D:4:      first_bread, serial_shops, shop_statue, shop, shop,
          grunt_decor_mini_mirrors, uniq_natasha, uniq_menkaure, uniq_duvessa,
          uniq_robin
D:5:      marbit_many_paths, okawaru_gym_becter, lemuel_temple_firewalk_a,
          serial_shops, nicolae_shop_statue_plus, basic_altar, uniq_edmund
D:6:      lemuel_round_altar, nicolae_gozag_cash_rules_everything_around_me,
          guppyfry_shop_venom, uniq_pikel, uniq_prince_ribbit1
Temple:   compressed_dpeg_circular_temple

Skill      XL: |  1  2  3  4  5  6  7  8 |
---------------+-------------------------+-----
Earth Magic    | 4 5 6 7 8 |  8.4
Conjurations   | 1 3 4 6 |  6.4
Spellcasting   | 3 4 5 6 |  6.1
Dodging        | |  1.5
Stealth        | |  2.1
Transmutations | |  0.7

Action                   |  1- 3 |  4- 6 |  7- 9 || total
-------------------------+-------+-------+-------++-------
Melee: Unarmed           |     9 |       |       ||     9
       Mace              |    81 |   188 |    22 ||   291
       Whip              |       |       |    30 ||    30
 Cast: Sandblast         |    11 |    41 |    51 ||   103
       Stone Arrow       |       |     7 |    74 ||    81
  Use: Scroll            |     1 |    11 |     4 ||    16
       Potion            |       |       |     4 ||     4
 Stab: Sleeping          |     3 |     5 |       ||     8
  Eat: Chunk             |     2 |     8 |     9 ||    19
       Royal jelly       |       |     1 |       ||     1
       Meat ration       |       |       |     1 ||     1
Armor: Robe              |    52 |   110 |    71 ||   233
Dodge: Dodged            |   100 |   201 |   108 ||   409

Table legend:
 A = Spawn XP
 B = Non-spawn XP
 C = Spawn XP percentage of total XP
 D = Spawn monster count
 E = Non-spawn monster count
 F = Spawn count percentage of total count
 G = Total turns spent on level
                    A         B        C        D         E        F      G
               +---------+---------+-------+---------+---------+-------+---------
         Total |       0 |    2228 |   0.0 |       0 |     126 |   0.0 |  7674
               +---------+---------+-------+---------+---------+-------+---------
           D:1 |       0 |      91 |   0.0 |       0 |      28 |   0.0 |  1683
           D:2 |       0 |     279 |   0.0 |       0 |      17 |   0.0 |  1109
           D:3 |       0 |      95 |   0.0 |       0 |      22 |   0.0 |  1707
           D:4 |       0 |     832 |   0.0 |       0 |      37 |   0.0 |  1626
           D:5 |       0 |     725 |   0.0 |       0 |      14 |   0.0 |  1364
           D:6 |       0 |     206 |   0.0 |       0 |       8 |   0.0 |   104
               +---------+---------+-------+---------+---------+-------+---------
